 Dungeon Crawl Stone Soup version 0.20.1-1-g8b1a95d (webtiles) character file.

32430 kae the Bludgeoner (level 13, -10/86 HPs)
             Began as a Gargoyle Berserker on Sept 16, 2017.
             Was the Champion of Trog.
             Splashed by a jelly's acid (11 damage)
             ... on level 5 of the Lair of Beasts.
             The game lasted 00:22:58 (16474 turns).

kae the Bludgeoner (Gargoyle Berserker)            Turns: 16474, Time: 00:23:00

Health: -10/86     AC: -14   Str: 24    XL:     13   Next: 64%
Magic:  13/13      EV: 10    Int: 10    God:    Trog [******]
Gold:   644        SH:  0    Dex: 11    Spells: 12/12 levels left

rFire    . . .     SeeInvis .   O - +0 demon whip (venom)
rCold    . . .     Gourm    .   (no shield)
rNeg     + . .     Faith    .   e - +0 scale mail
rPois    ∞         Spirit   .   f - +0 helmet
rElec    +         Reflect  .   z - +0 cloak {rPois}
rCorr    .         Harm     .   k - +0 pair of gloves
MR       .....                  h - +1 pair of boots
Stlth    ..........             N - amulet of regeneration
Regen    0.7/turn               t - +2 ring of dexterity
MPRegen  0.2/turn               S - +1 ring of slaying

@: corroded, berserk cooldown, slowed, very slow
A: negative energy resistance 1, electricity resistance, unbreathing,
petrification resistance, rot immunity, AC +9
a: Berserk, Trog's Hand, Brothers in Arms, Burn Spellbooks, Renounce Religion


You were on level 5 of the Lair of Beasts.
You worshipped Trog.
Trog was exalted by your worship.
You were hungry.

You visited 2 branches of the dungeon, and saw 15 of its levels.

You collected 674 gold pieces.
You spent 30 gold pieces at shops.

Inventory:

Hand Weapons
 F - a +0 dire flail
 O - a +0 demon whip of venom (weapon)
Armour
 e - a +0 scale mail (worn)
 f - a +0 helmet (worn)
 h - a +1 pair of boots (worn)
 k - a +0 pair of gloves (worn)
 m - a -2 buckler
 z - a +0 cloak of poison resistance (worn)
Jewellery
 t - a +2 ring of dexterity (left hand)
 w - an uncursed ring of flight
 I - an uncursed ring of positive energy
 N - an amulet of regeneration (around neck)
 P - an uncursed ring of resist corrosion
 S - a +1 ring of slaying (right hand)
Wands
 r - a wand of enslavement (17/24)
 B - a wand of iceblast (7/15)
 D - a wand of random effects (24/48)
 E - a wand of lightning (6/15)
 R - a wand of confusion (19/48)
 U - a wand of iceblast (9/15)
 W - a wand of flame (35/48)
Scrolls
 g - 5 scrolls of enchant weapon
 j - 2 scrolls of magic mapping
 l - 6 scrolls of remove curse
 n - 5 scrolls of identify
 o - 3 scrolls of fear
 p - 8 scrolls of teleportation
 J - 2 scrolls of blinking
 T - a scroll of recharging
Potions
 a - a potion of heal wounds
 b - a potion of invisibility
 d - 4 potions of lignification
 i - a potion of haste
 s - 2 potions of magic
 x - 2 potions of might
 A - 2 potions of agility
 C - 3 potions of brilliance
 G - 2 potions of curing
 M - 3 potions of flight
 Q - a potion of ambrosia
 Y - a potion of mutation
Books
 u - a book of Cantrips

   Spells                             Type                      Level
   a - Confusing Touch                Hexes                        1
   b - Animate Skeleton               Necromancy                   1
   c - Summon Small Mammal            Summoning                    1
   d - Apportation                    Translocation                1
   Trog disapproves of the use of such an item.
 y - a book of Misfortune

   Spells                             Type                      Level
   a - Confusing Touch                Hexes                        1
   b - Confuse                        Hexes                        3
   c - Gell's Gravitas                Translocation                3
   d - Petrify                        Transmutation/Earth          4
   e - Metabolic Englaciation         Hexes/Ice                    5
   f - Yara's Violent Unravelling     Hexes/Transmutation          5
   Trog disapproves of the use of such an item.
 H - a book of Changes

   Spells                             Type                      Level
   a - Beastly Appendage              Transmutation                1
   b - Sticks to Snakes               Transmutation                2
   c - Spider Form                    Transmutation/Poison         3
   d - Ice Form                       Ice/Transmutation            4
   e - Blade Hands                    Transmutation                5
   Trog disapproves of the use of such an item.
 K - a book of Maledictions

   Spells                             Type                      Level
   a - Corona                         Hexes                        1
   b - Ensorcelled Hibernation        Hexes/Ice                    2
   c - Confuse                        Hexes                        3
   d - Tukima's Dance                 Hexes                        3
   e - Dazzling Spray                 Conjuration/Hexes            3
   Trog disapproves of the use of such an item.
 L - a book of Minor Magic

   Spells                             Type                      Level
   a - Magic Dart                     Conjuration                  1
   b - Blink                          Translocation                2
   c - Call Imp                       Summoning                    2
   d - Slow                           Hexes                        2
   e - Conjure Flame                  Conjuration/Fire             3
   f - Mephitic Cloud                 Conjuration/Poison/Air       3
   Trog disapproves of the use of such an item.
 V - a book of Burglary

   Spells                             Type                      Level
   a - Swiftness                      Charms/Air                   2
   b - Passwall                       Transmutation/Earth          2
   c - Passage of Golubria            Translocation                4
   d - Lee's Rapid Deconstruction     Earth                        5
   e - Darkness                       Hexes                        6
   f - Invisibility                   Hexes                        6
   Trog disapproves of the use of such an item.
Comestibles
 c - 7 bread rations
 q - 13 royal jellies
 v - 6 meat rations
 X - 3 chunks of flesh
 Z - 3 fruits


   Skills:
 + Level 12.1 Fighting
 * Level 15.5 Maces & Flails
 + Level 12.2 Armour
 - Level 1.5 Dodging
 + Level 6.1 Shields


You had 12 spell levels left.
You didn't know any spells.

Dungeon Overview and Level Annotations

Branches:
Dungeon (10/15)            Temple (0/1) D:5            Lair (5/6) D:10
 Shoals (0/4) Lair:2       Spider (0/4) Lair:2        Slime (0/5) Lair:5
    Orc: D:9-12

Altars:
Cheibriados
Dithmenos
Elyvilon
Gozag
Kikubaaqudgha
Nemelex Xobeh
Okawaru
Qazlal
Ru
Sif Muna
Trog
Uskayaw
Vehumet
Yredelemnul

Shops:
D:6 %:=


Innate Abilities, Weirdness & Mutations

You are resistant to torment.
Your stone body is resilient. (AC +9)
You are immune to poison.
You resist negative energy. (rN+)
You are resistant to electric shocks. (rElec)
You can survive without breathing.
You are immune to petrification.
You are immune to rotting.


Message History

The acid burns!
* * * LOW HITPOINT WARNING * * *
You hit the jelly.
The jelly is poisoned.
Your hands burn!
* * * LOW HITPOINT WARNING * * *
The jelly is heavily wounded.
You hit the jelly but do no damage. The acid corrodes you!
Your hands burn!
* * * LOW HITPOINT WARNING * * *
The jelly is heavily wounded.
The jelly hits you.
* * * LOW HITPOINT WARNING * * *
You are splashed with acid!
The acid burns!
* * * LOW HITPOINT WARNING * * *
You hit the jelly but do no damage.
The jelly looks as sick as possible!
The acid corrodes you!
Your hands burn!
* * * LOW HITPOINT WARNING * * *
The jelly is heavily wounded.
The jelly hits you.
* * * LOW HITPOINT WARNING * * *
The acid corrodes you!
You are splashed with acid!
The acid burns!
You die...

..... #...#.....#.......
..#..# .....#.⌠.#........
##.?..###....#.##.##..⌠..#
#..>........##.....#......
..........###...#..###....
#.....###..[#.####...
#..#..## #....#.# ##..
.#####J# #....#.###.#.
#..##.#@##.........#####
........###..#.....#####
.......#.#.#####.P...PP#
...........## #####....
............# ##...
..........### #.#.
..........P# ##..
...........# #..
..........## #..


You could see a jelly.

Vanquished Creatures
  4 hydras
  A catoblepas (Lair:5)
  4 two-headed ogres
  The ghost of kae the Basher, a novice GrBe of Trog (D:8)
  Nergalle (Lair:3)
  An unseen horror (D:10)
  The ghost of ThereIsNoGod the Grappler, a novice TrFi (D:6)
  Pikel (D:8)
  2 oklob plants
  2 black mambas
  2 merfolk sirens (Lair:2)
  A kobold demonologist (D:10)
  7 spiny frogs
  3 komodo dragons
  A polar bear (Lair:4)
  A queen bee (D:8)
  3 jumping spiders (Lair:2)
  Grinder (D:3)
  2 merfolk (Lair:2)
  A hornet (D:9)
  Prince Ribbit (D:7)
  3 slime creatures (D:10)
  5 hippogriffs
  A wyvern (Lair:1)
  A redback (Lair:2)
  30 yaks
  A wraith (D:10)
  A spriggan (Lair:4)
  A basilisk (Lair:4)
  The ghost of Quirk the Chopper, an amateur DsFi of Okawaru (D:4)
  A hungry ghost (D:7)
  An acid dragon (D:9)
  11 water moccasins
  Duvessa (D:7)
  3 orc warriors
  4 porcupines
  2 black bears (Lair:4)
  6 ogres
  2 sky beasts
  A slave (D:8)
  A phantom (D:6)
  A necrophage (D:10)
  12 wolves
  2 centaurs
  9 crocodiles
  2 big kobolds
  17 bullfrogs
  Dowan (D:7)
  3 scorpions
  19 killer bees (D:8)
  6 wights
  4 howler monkeys
  2 crimson imps
  A bullfrog zombie (D:5)
  A quasit (D:10)
  15 jellies
  2 bullfrog skeletons
  A gnoll shaman (D:9)
  8 orc wizards
  3 orc priests
  8 hounds
  Crazy Yiuf (D:5)
  2 centaur skeletons
  Jessica (D:5)
  An iguana (D:6)
  Natasha (thrice) (D:2)
  6 worker ants
  A hound skeleton (D:6)
  A worker ant zombie (D:7)
  A howler monkey zombie (D:9)
  11 adders
  14 gnolls
  3 shadow imps
  16 oozes
  An adder zombie (D:5)
  An adder skeleton (D:9)
  4 worms
  A dart slug (D:1)
  7 leopard geckos
  39 orcs
  2 ball pythons (D:1)
  10 bats
  6 giant cockroaches
  6 goblins
  9 hobgoblins
  5 jackals
  19 kobolds
  9 quokkas
  5 frilled lizards
  A leopard gecko zombie (D:7)
  12 rats
433 creatures vanquished.

Vanquished Creatures (others)
  A sky beast (D:8)
  A bullfrog (D:8)
  A scorpion (D:8)
  A killer bee (D:8)
  An orc wizard (D:9)
  4 orcs
  A quokka skeleton (D:8)
  8 fungi
  5 plants
23 creatures vanquished.

Grand Total: 456 creatures vanquished

Notes
Turn   | Place    | Note
-------+----------+-------------------------------------------
     0 | D:1      | kae the Gargoyle Berserker began the quest for the Orb.
     0 | D:1      | Reached XP level 1. HP: 14/14 MP: 1/1
    38 | D:1      | Reached XP level 2. HP: 11/19 MP: 2/2
   463 | D:1      | Reached XP level 3. HP: 21/23 MP: 3/3
   713 | D:1      | Reached ** piety under Trog
   852 | D:2      | Found a sparkling altar of Nemelex Xobeh.
   870 | D:2      | Reached skill level 4 in Maces & Flails
   876 | D:2      | Reached XP level 4. HP: 20/28 MP: 4/4
  1176 | D:2      | Noticed Natasha
  1206 | D:2      | Killed Natasha
  1232 | D:2      | Noticed Natasha
  1241 | D:2      | Killed Natasha
  1241 | D:2      | Reached XP level 5. HP: 33/33 MP: 5/5
  1367 | D:2      | Noticed Natasha
  1377 | D:2      | Killed Natasha
  1818 | D:3      | Noticed Grinder
  1830 | D:3      | Paralysed by Grinder for 5 turns
  1839 | D:3      | Killed Grinder
  1839 | D:3      | Reached skill level 5 in Maces & Flails
  1839 | D:3      | Reached XP level 6. HP: 13/39 MP: 6/6
  1972 | D:3      | Found a white marble altar of Elyvilon.
  2113 | D:3      | Found an iron altar of Okawaru.
  2327 | D:3      | Reached *** piety under Trog
  2687 | D:4      | Reached XP level 7. HP: 44/44 MP: 7/7
  2690 | D:4      | Reached skill level 6 in Maces & Flails
  2714 | D:4      | Reached skill level 5 in Fighting
  2983 | D:4      | Found a sacrificial altar of Ru.
  3028 | D:4      | Found a stormy altar of Qazlal.
  3030 | D:4      | Noticed Quirk's ghost (amateur DsFi)
  3244 | D:4      | Found a hide-covered altar of Uskayaw.
  3245 | D:4      | Noticed a hand axe
  3252 | D:4      | Noticed a hand axe
  3276 | D:4      | Killed Quirk's ghost
  3468 | D:4      | Reached skill level 7 in Maces & Flails
  3468 | D:4      | Reached skill level 5 in Armour
  3521 | D:4      | Reached XP level 8. HP: 38/50 MP: 8/8
  3785 | D:5      | Entered Level 5 of the Dungeon
  3795 | D:5      | Found a deep blue altar of Sif Muna.
  3795 | D:5      | Noticed Jessica
  3823 | D:5      | Killed Jessica
  4015 | D:5      | Found a staircase to the Ecumenical Temple.
  4039 | D:5      | Reached **** piety under Trog
  4056 | D:5      | Found a bloodstained altar of Trog.
  4616 | D:5      | Found a runed door.
  4700 | D:5      | Noticed Crazy Yiuf
  4704 | D:5      | Killed Crazy Yiuf
  4704 | D:5      | Reached skill level 8 in Maces & Flails
  4967 | D:6      | Found Ewnietokk's Food Boutique.
  5037 | D:6      | HP: 2/78 [orc warrior/long sword (5)]
  5178 | D:6      | Noticed ThereIsNoGod's ghost (novice TrFi)
  5188 | D:6      | Killed ThereIsNoGod's ghost
  5188 | D:6      | Reached skill level 9 in Maces & Flails
  5188 | D:6      | Reached XP level 9. HP: 57/57 MP: 9/9
  5441 | D:6      | Found Raon's Book Shoppe.
  5523 | D:6      | Found Juina's Jewellery Emporium.
  5528 | D:6      | Bought a cursed amulet of inaccuracy for 30 gold pieces
  5985 | D:7      | Found an ancient bone altar of Kikubaaqudgha.
  6080 | D:7      | Noticed Prince Ribbit
  6091 | D:7      | Killed Prince Ribbit
  6125 | D:7      | Noticed Duvessa
  6128 | D:7      | Noticed Dowan
  6135 | D:7      | Killed Duvessa
  6158 | D:7      | Killed Dowan
  6158 | D:7      | Reached skill level 10 in Maces & Flails
  6753 | D:7      | Reached XP level 10. HP: 52/64 MP: 10/10
  7158 | D:8      | Found a snail-covered altar of Cheibriados.
  7198 | D:8      | Noticed a two-headed ogre
  7216 | D:8      | Killed a two-headed ogre
  7216 | D:8      | Reached skill level 11 in Maces & Flails
  7636 | D:8      | Noticed Pikel
  7649 | D:8      | Killed Pikel
  7739 | D:8      | Reached ***** piety under Trog
  7956 | D:8      | Found an opulent altar of Gozag.
  7957 | D:8      | Found a basalt altar of Yredelemnul.
  8011 | D:8      | Reached skill level 12 in Maces & Flails
  8011 | D:8      | Reached XP level 11. HP: 47/71 MP: 11/11
  8059 | D:8      | Noticed kae's ghost (novice GrBe)
  8079 | D:8      | Killed kae's ghost
  8490 | D:9      | Found a radiant altar of Vehumet.
  9061 | D:9      | Noticed a two-headed ogre
  9079 | D:9      | Killed a two-headed ogre
  9429 | D:9      | Noticed a two-headed ogre
  9441 | D:9      | Killed a two-headed ogre
  9441 | D:9      | Reached skill level 10 in Fighting
  9492 | D:9      | Noticed a two-headed ogre
  9504 | D:9      | Killed a two-headed ogre
  9504 | D:9      | Reached skill level 10 in Armour
 10093 | D:10     | Entered Level 10 of the Dungeon
 10099 | D:10     | Reached skill level 13 in Maces & Flails
 10266 | D:10     | Found a shadowy altar of Dithmenos.
 10916 | D:10     | Killed an unseen horror
 10916 | D:10     | Reached XP level 12. HP: 66/79 MP: 12/12
 10919 | D:10     | Received a gift from Trog
 11309 | D:10     | Found a staircase to the Lair.
 11452 | Lair:1   | Entered Level 1 of the Lair of Beasts
 11454 | Lair:1   | Identified a scroll of acquirement
 11629 | Lair:1   | Reached skill level 1 in Shields
 12308 | Lair:1   | Noticed a five-headed hydra
 12316 | Lair:1   | Killed a five-headed hydra
 12316 | Lair:1   | Reached skill level 14 in Maces & Flails
 12668 | Lair:1   | Received a gift from Trog
 13544 | Lair:2   | Found a hole to the Spider Nest.
 13926 | Lair:2   | Reached XP level 13. HP: 47/84 MP: 13/13
 14228 | Lair:2   | Reached skill level 5 in Shields
 14264 | Lair:2   | Found a staircase to the Shoals.
 14508 | Lair:3   | Noticed Nergalle
 14515 | Lair:3   | Killed Nergalle
 14663 | Lair:3   | Reached skill level 15 in Maces & Flails
 15907 | Lair:4   | Reached ****** piety under Trog
 16446 | Lair:5   | Found a staircase to the Slime Pits.
 16473 | Lair:5   | HP: 4/86 [acid (9)]
 16474 | Lair:5   | HP: 1/86 [jelly (2)]
 16474 | Lair:5   | Splashed by a jelly's acid

Skill      XL: |  1  2  3  4  5  6  7  8  9 10 11 12 13 |
---------------+----------------------------------------+-----
Maces & Flails | 4 5 7 9 10 12 13 14 15 | 15.5
Armour         | 3 4 5 6 7 9 10 11 12 | 12.2
Fighting       | 4 5 7 8 9 10 11 12 | 12.1
Shields        | 4 6 |  6.1
Dodging        | |  1.5

Action                   |  1- 3 |  4- 6 |  7- 9 | 10-12 | 13-15 || total
-------------------------+-------+-------+-------+-------+-------++-------
Melee: Mace              |   132 |   211 |   441 |       |       ||   784
       Whip              |       |       |    91 |   687 |       ||   778
       Demon whip        |       |       |       |   352 |   320 ||   672
Invok: Berserk           |       |     2 |     9 |    17 |     3 ||    31
       Trog's Hand       |       |     1 |     4 |     1 |       ||     6
  Use: Scroll            |       |       |    14 |    10 |     1 ||    25
       Potion            |       |       |     4 |       |       ||     4
 Stab: Distracted        |       |       |       |     1 |       ||     1
       Petrified         |       |       |       |       |     2 ||     2
       Petrifying        |       |       |       |       |     1 ||     1
  Eat: Chunk             |       |     8 |    24 |    28 |     9 ||    69
       Meat ration       |       |       |       |     2 |       ||     2
       Royal jelly       |       |       |       |     1 |       ||     1
       Fruit             |       |       |       |       |     2 ||     2
Armor: Animal skin       |     6 |       |       |       |       ||     6
       Scale mail        |    81 |   167 |   238 |   396 |   158 ||  1040
       Skin              |       |       |    15 |       |       ||    15
Dodge: Dodged            |   101 |   141 |   216 |   284 |   115 ||   857
Block: Buckler           |       |       |     1 |    16 |       ||    17
